PAAA
PAWNEE PARKSNREC @ BAKERSFIELD NOBLES
06/02/2026
 
TOP OF THE 1ST
Pawnee ParksNRec batting - Pitching for Bakersfield Nobles : RHP Cameron Frye
Pitching: RHP Cameron Frye
Batting: RHB Wilbur Davis 0-0: Called Strike
0-1: Swinging Strike
0-2: Ball
1-2: Foul Ball, location: 2F
1-2: Ball
2-2: Ground out 6-3 (Groundball, 6)
Batting: RHB Brett Robinson 0-0: Ball
1-0: Bunt missed!
1-1: Ball
2-1: Foul Ball, location: 2F
2-2: Strikes out swinging
Batting: SHB José Carlos Nieves 0-0: Ball
1-0: Foul Ball, location: 2F
1-1: Foul Ball, location: 2F
1-2: Ground out 6-3 (Groundball, 6)
Top of the 1st over - 0 run(s), 0 hit(s), 0 error(s), 0 left on base; Pawnee 0 - Bakersfield 0
BOTTOM OF THE 1ST
Bakersfield Nobles batting - Pitching for Pawnee ParksNRec : RHP Howard Finch
Pitching: RHP Howard Finch
Batting: RHB Gabriel Maldonado 0-0: Ball
1-0: Foul Ball, location: 2F
1-1: Fly out, F9 (Flyball, 89XD)
Batting: RHB Lloyd Alberink 0-0: Ground out 6-3 (Groundball, 56)
Batting: LHB Pancho García 0-0: Ball
1-0: Called Strike
1-1: Swinging Strike
1-2: Ball
2-2: Foul Ball, location: 2F
2-2: Strikes out looking
Bottom of the 1st over - 0 run(s), 0 hit(s), 0 error(s), 0 left on base; Pawnee 0 - Bakersfield 0
TOP OF THE 2ND
Pawnee ParksNRec batting - Pitching for Bakersfield Nobles : RHP Cameron Frye
Batting: LHB Ernesto Sánchez 0-0: Called Strike
0-1: Ball
1-1: Called Strike
1-2: Strikes out swinging
Batting: SHB Vicente Pueblo 0-0: Called Strike
0-1: Ball
1-1: Foul Ball, location: 2F
1-2: Ball
2-2: Fly out, F5 (Popup, 56S)
Batting: RHB Mike Daniels 0-0: Foul Ball, location: 2F
0-1: Ground out 5-3 (Groundball, 56S)
Top of the 2nd over - 0 run(s), 0 hit(s), 0 error(s), 0 left on base; Pawnee 0 - Bakersfield 0
BOTTOM OF THE 2ND
Bakersfield Nobles batting - Pitching for Pawnee ParksNRec : RHP Howard Finch
Batting: LHB Markus Richardson 0-0: Foul Ball, location: 2F
0-1: Ball
1-1: Swinging Strike
1-2: Ball
2-2: Foul Ball, location: 2F
2-2: Ball
3-2: SINGLE (Groundball, 4) (infield hit)
Batting: LHB Theo Fightmaster 0-0: Called Strike
0-1: Called Strike
0-2: Ball
1-2: Ball
2-2: Foul Ball, location: 2F
2-2: Foul Ball, location: 2F
2-2: Foul Ball, location: 2F
2-2: Strikes out swinging
Batting: RHB Alfredo García 0-0: Ball
1-0: Foul Ball, location: 2F
1-1: Ball
2-1: Foul Ball, location: 2F
2-2: SINGLE (Line Drive, 9S)
Markus Richardson to second
Batting: RHB Miguel Márquez 0-0: Foul Ball, location: 2F
0-1: Foul Ball, location: 2F
0-2: Ball
1-2: Ball
2-2: Grounds into double play, 5-4-3 (Groundball, 5)
Bottom of the 2nd over - 0 run(s), 2 hit(s), 0 error(s), 1 left on base; Pawnee 0 - Bakersfield 0
TOP OF THE 3RD
Pawnee ParksNRec batting - Pitching for Bakersfield Nobles : RHP Cameron Frye
Batting: SHB Júlio Camacho 0-0: Fly out, F8 (Line Drive, 8RM)
Batting: RHB Ronald Hines 0-0: Called Strike
0-1: Hit by Pitch
Batting: RHB Dale Blair 0-0: Ball
1-0: Ball
2-0: Ball
3-0: Called Strike
3-1: Called Strike
3-2: Fly out, F9 (Flyball, 9S)
Batting: RHB Wilbur Davis 0-0: Fly out, F8 (Flyball, 8LD)
Top of the 3rd over - 0 run(s), 0 hit(s), 0 error(s), 1 left on base; Pawnee 0 - Bakersfield 0
BOTTOM OF THE 3RD
Bakersfield Nobles batting - Pitching for Pawnee ParksNRec : RHP Howard Finch
Batting: RHB Mario Blanco 0-0: Ball
1-0: Called Strike
1-1: Foul Ball, location: 2F
1-2: Strikes out looking
Batting: RHB Mike Kelly 0-0: Called Strike
0-1: Ball
1-1: Called Strike
1-2: Ground out 5-3 (Groundball, 56D)
Batting: RHB Gabriel Maldonado 0-0: Called Strike
0-1: Ball
1-1: Ball
2-1: Called Strike
2-2: Foul Ball, location: 2F
2-2: Ball
3-2: Fly out, F7 (Flyball, 78S)
Bottom of the 3rd over - 0 run(s), 0 hit(s), 0 error(s), 0 left on base; Pawnee 0 - Bakersfield 0
TOP OF THE 4TH
Pawnee ParksNRec batting - Pitching for Bakersfield Nobles : RHP Cameron Frye
Batting: RHB Brett Robinson 0-0: SINGLE (Groundball, 6MD)
Batting: SHB José Carlos Nieves 0-0: Called Strike
0-1: Called Strike
0-2: Ball
1-2: Ground out 5-3 (Groundball, 56S)
Brett Robinson to second
Batting: LHB Ernesto Sánchez 0-0: Ball
1-0: Ball
2-0: Called Strike
2-1: Foul Ball, location: 2F
2-2: Fly out, F8 (Flyball, 8LM)
Batting: SHB Vicente Pueblo 0-0: Ball
1-0: Ball
2-0: Swinging Strike
2-1: Ball
3-1: Swinging Strike
3-2: Fly out, F8 (Flyball, 8LD)
Top of the 4th over - 0 run(s), 1 hit(s), 0 error(s), 1 left on base; Pawnee 0 - Bakersfield 0
BOTTOM OF THE 4TH
Bakersfield Nobles batting - Pitching for Pawnee ParksNRec : RHP Howard Finch
Batting: RHB Lloyd Alberink 0-0: Ball
1-0: Ball
2-0: Foul Ball, location: 2F
2-1: Ball
3-1: Foul Ball, location: 2F
3-2: Foul Ball, location: 2F
3-2: Foul Ball, location: 2F
3-2: Foul Ball, location: 2F
3-2: Base on Balls
Batting: LHB Pancho García 0-0: Ball
Lloyd Alberink steals 2nd base
1-0: Ball
2-0: Foul Ball, location: 2F
2-1: Swinging Strike
2-2: Fly out, F4 (Popup, 34)
Batting: LHB Markus Richardson 0-0: Ball
1-0: Foul Ball, location: 2F
1-1: Swinging Strike
1-2: Ground out 3-1 (Groundball, 23)
Lloyd Alberink to third
Batting: LHB Theo Fightmaster 0-0: Ball
1-0: Ball
2-0: Foul Ball, location: 2F
2-1: Foul Ball, location: 2F
2-2: Strikes out swinging
Bottom of the 4th over - 0 run(s), 0 hit(s), 0 error(s), 1 left on base; Pawnee 0 - Bakersfield 0
TOP OF THE 5TH
Pawnee ParksNRec batting - Pitching for Bakersfield Nobles : RHP Cameron Frye
Batting: RHB Mike Daniels 0-0: Ball
1-0: Foul Ball, location: 2F
1-1: Fly out, F5 (Popup, 56S)
Batting: SHB Júlio Camacho 0-0: Fly out, F2 (Popup, 3S)
Batting: RHB Ronald Hines 0-0: Swinging Strike
0-1: Foul Ball, location: 2F
0-2: Ground out 6-3 (Groundball, 6)
Top of the 5th over - 0 run(s), 0 hit(s), 0 error(s), 0 left on base; Pawnee 0 - Bakersfield 0
BOTTOM OF THE 5TH
Bakersfield Nobles batting - Pitching for Pawnee ParksNRec : RHP Howard Finch
Batting: RHB Alfredo García 0-0: Ball
1-0: Ball
2-0: Ball
3-0: Called Strike
3-1: Fly out, F7 (Flyball, 7)
Batting: RHB Miguel Márquez 0-0: Swinging Strike
0-1: Called Strike
0-2: Foul Ball, location: 2F
0-2: Strikes out swinging
Batting: RHB Mario Blanco 0-0: Ball
1-0: Swinging Strike
1-1: SINGLE (Flyball, 8LS)
Batting: RHB Mike Kelly 0-0: Ball
1-0: Ball
Wild Pitch!
Mario Blanco to second
2-0: Foul Ball, location: 2F
2-1: Swinging Strike
2-2: Strikes out swinging
Bottom of the 5th over - 0 run(s), 1 hit(s), 0 error(s), 1 left on base; Pawnee 0 - Bakersfield 0
TOP OF THE 6TH
Pawnee ParksNRec batting - Pitching for Bakersfield Nobles : RHP Cameron Frye
Batting: RHB Dale Blair 0-0: Foul Ball, location: 2F
0-1: Ball
1-1: Ground out 5-3 (Groundball, 56)
Batting: RHB Wilbur Davis 0-0: Called Strike
0-1: Swinging Strike
0-2: Ball
1-2: Strikes out swinging
Batting: RHB Brett Robinson 0-0: Ball
1-0: Ball
2-0: Ball
3-0: Base on Balls
Batting: SHB José Carlos Nieves 0-0: Called Strike
0-1: Ball
1-1: Ball
2-1: Foul Ball, location: 2F
2-2: Ball
3-2: Foul Ball, location: 2F
3-2: Strikes out looking
Top of the 6th over - 0 run(s), 0 hit(s), 0 error(s), 1 left on base; Pawnee 0 - Bakersfield 0
BOTTOM OF THE 6TH
Bakersfield Nobles batting - Pitching for Pawnee ParksNRec : RHP Howard Finch
Batting: RHB Gabriel Maldonado 0-0: Ball
1-0: Ball
2-0: SINGLE (Groundball, 56D)
Batting: RHB Lloyd Alberink 0-0: Ball
1-0: Ball
2-0: Bunt missed!
2-1: Bunted foul
2-2: SINGLE (Line Drive, 13S)
Gabriel Maldonado to second
Batting: LHB Pancho García 0-0: Foul Ball, location: 2F
0-1: Ball
1-1: Grounds into double play, 4-6-3 (Groundball, 4)
Gabriel Maldonado to third
Batting: LHB Markus Richardson 0-0: Ball
1-0: Ball
2-0: Swinging Strike
2-1: Called Strike
2-2: Ball
3-2: Base on Balls
Batting: LHB Theo Fightmaster 0-0: Ball
1-0: Swinging Strike
1-1: Fielders Choice at 2nd, 4-6 (Groundball, 34)
Bottom of the 6th over - 0 run(s), 2 hit(s), 0 error(s), 1 left on base; Pawnee 0 - Bakersfield 0
TOP OF THE 7TH
Pawnee ParksNRec batting - Pitching for Bakersfield Nobles : RHP Cameron Frye
Batting: LHB Ernesto Sánchez 0-0: Called Strike
0-1: Foul Ball, location: 2F
0-2: Ball
1-2: Strikes out looking
Batting: SHB Vicente Pueblo 0-0: Ball
1-0: Ball
2-0: Foul Ball, location: 2F
2-1: Foul Ball, location: 2F
2-2: Foul Ball, location: 2F
2-2: Ball
3-2: Foul Ball, location: 2F
3-2: Fly out, F9 (Flyball, 89D)
Batting: RHB Mike Daniels 0-0: Ball
1-0: Foul Ball, location: 2F
1-1: Called Strike
1-2: Foul Ball, location: 2F
1-2: Strikes out looking
Top of the 7th over - 0 run(s), 0 hit(s), 0 error(s), 0 left on base; Pawnee 0 - Bakersfield 0
BOTTOM OF THE 7TH
Bakersfield Nobles batting - Pitching for Pawnee ParksNRec : RHP Howard Finch
Batting: RHB Alfredo García 0-0: Foul Ball, location: 2F
0-1: SINGLE (Line Drive, 6M)
Pitching: RHP Jim Unknown
Batting: RHB Miguel Márquez 0-0: Ball
1-0: Sac Bunt - play at first, batter OUT! 5-4
Alfredo García to second
Pinch Hitting: SHB Stephen Dowell 0-0: Intentional Walk
Batting: RHB Mike Kelly 0-0: Swinging Strike
0-1: Ball
1-1: Foul Ball, location: 2F
1-2: Strikes out swinging
Batting: RHB Gabriel Maldonado 0-0: Ball
1-0: SINGLE (Line Drive, 7LS)
Alfredo García to third
Stephen Dowell to second
Runner from 3rd tries for Home, SAFE, no throw
Batting: RHB Lloyd Alberink 0-0: Foul Ball, location: 2F
0-1: SINGLE (Line Drive, 7LS)
Stephen Dowell to third
Gabriel Maldonado to second
Runner from 3rd tries for Home, SAFE, no throw
Batting: LHB Pancho García 0-0: Ball
1-0: Ball
2-0: Ball
3-0: Base on Balls
Gabriel Maldonado to third
Lloyd Alberink to second
Batting: LHB Markus Richardson 0-0: Called Strike
0-1: Ball
1-1: Ball
2-1: Ball
3-1: Base on Balls
Gabriel Maldonado scores
Lloyd Alberink to third
Pancho García to second
Batting: LHB Theo Fightmaster 0-0: Called Strike
0-1: Ball
1-1: SINGLE (Line Drive, 34)
Lloyd Alberink scores
Pancho García to third
Markus Richardson to second
Pitching: RHP Lawrence Bignold
Batting: RHB Alfredo García 0-0: Swinging Strike
0-1: Ball
1-1: Ball
2-1: Foul Ball, location: 2F
2-2: Strikes out swinging
Bottom of the 7th over - 4 run(s), 4 hit(s), 0 error(s), 3 left on base; Pawnee 0 - Bakersfield 4
TOP OF THE 8TH
Pawnee ParksNRec batting - Pitching for Bakersfield Nobles : RHP Cameron Frye
Now at 2B: Dong-po Tien
Batting: SHB Júlio Camacho 0-0: Called Strike
0-1: Ball
1-1: Ball
2-1: SINGLE (Groundball, 4MD)
Batting: RHB Ronald Hines 0-0: Ball
1-0: Foul Ball, location: 2F
1-1: Foul Ball, location: 2F
1-2: SINGLE (Groundball, 6MD)
Júlio Camacho to second
Batting: RHB Dale Blair 0-0: Called Strike
0-1: Ball
1-1: Ball
2-1: Foul Ball, location: 2F
2-2: Fly out, F7 (Flyball, 7S)
Pitching: LHP Bryan Houston
Batting: RHB Wilbur Davis 0-0: Fly out, F6 (Line Drive, 56)
Pitching: RHP Alberto Reyes
Batting: RHB Brett Robinson 0-0: Swinging Strike
0-1: Ball
1-1: Ball
2-1: Ball
3-1: Base on Balls
Júlio Camacho to third
Ronald Hines to second
Pitching: LHP John Coleman
Batting: SHB José Carlos Nieves 0-0: Ball
1-0: Ball
2-0: Called Strike
2-1: Ball
3-1: Base on Balls
Júlio Camacho scores
Ronald Hines to third
Brett Robinson to second
Pinch Hitting: RHB Cristo González 0-0: Foul Ball, location: 2F
0-1: Ball
1-1: SINGLE (Flyball, 89S)
Ronald Hines scores
Brett Robinson to third
José Carlos Nieves to second
Runner from 3rd tries for Home, SAFE, no throw
Pinch Hitting: RHB Justin Saginov 0-0: Called Strike
0-1: Ball
1-1: SINGLE (Flyball, 78S)
José Carlos Nieves to third
Cristo González to second
Runner from 3rd tries for Home, SAFE, no throw
Batting: RHB Mike Daniels 0-0: Ball
1-0: Ball
2-0: Called Strike
2-1: Called Strike
2-2: Strikes out swinging
Top of the 8th over - 4 run(s), 4 hit(s), 0 error(s), 2 left on base; Pawnee 4 - Bakersfield 4
BOTTOM OF THE 8TH
Bakersfield Nobles batting - Pitching for Pawnee ParksNRec : RHP Lawrence Bignold
Now at C: Justin Saginov
Now in LF: Jim Unknown
Batting: RHB Miguel Márquez 0-0: Ball
1-0: Called Strike
1-1: Ground out 6-3 (Groundball, 6)
Batting: RHB Dong-po Tien 0-0: Foul Ball, location: 2F
0-1: Hit by Pitch
Batting: RHB Mike Kelly 0-0: Called Strike
0-1: Swinging Strike
0-2: Ball
1-2: Ball
2-2: Fly out, F1 (Line Drive, 13S)
Batting: RHB Gabriel Maldonado 0-0: Fielders Choice at 2nd, 5-4 (Groundball, 5)
Bottom of the 8th over - 0 run(s), 0 hit(s), 0 error(s), 0 left on base; Pawnee 4 - Bakersfield 4
TOP OF THE 9TH
Pawnee ParksNRec batting - Pitching for Bakersfield Nobles : LHP John Coleman
Pitching: RHP León Vásquez
Batting: SHB Júlio Camacho 0-0: Ball
1-0: Ball
2-0: Called Strike
2-1: Foul Ball, location: 2F
2-2: Strikes out swinging
Batting: RHB Ronald Hines 0-0: Ball
1-0: Ball
2-0: Ball
3-0: Called Strike
3-1: Called Strike
3-2: Base on Balls
Batting: RHB Dale Blair 0-0: Ball
1-0: Foul Ball, location: 2F
1-1: Foul Ball, location: 2F
1-2: Foul Ball, location: 2F
1-2: Ball
2-2: Ball
3-2: Strikes out looking
Batting: RHB Wilbur Davis 0-0: Hit by Pitch
Ronald Hines to second
Batting: RHB Brett Robinson 0-0: Fly out, F8 (Flyball, 8RS)
Top of the 9th over - 0 run(s), 0 hit(s), 0 error(s), 2 left on base; Pawnee 4 - Bakersfield 4
BOTTOM OF THE 9TH
Bakersfield Nobles batting - Pitching for Pawnee ParksNRec : RHP Lawrence Bignold
Pitching: RHP Mark Sanders
Batting: RHB Lloyd Alberink 0-0: Called Strike
0-1: Ball
1-1: Fly out, F7 (Line Drive, 7)
Batting: LHB Pancho García 0-0: Ball
1-0: Ball
2-0: Ball
3-0: Called Strike
3-1: Base on Balls
Pinch Runner at 1st Gerjan de Best:
Batting: LHB Markus Richardson 0-0: Called Strike
0-1: Ball
1-1: Ball
2-1: Foul Ball, location: 2F
2-2: Fly out, F8 (Flyball, 8LM)
Batting: LHB Theo Fightmaster 0-0: Ball
1-0: Called Strike
1-1: Ball
Wild Pitch!
Gerjan de Best to second
2-1: Called Strike
2-2: Ball
3-2: Base on Balls
Batting: RHB Alfredo García 0-0: Ball
1-0: Ball
2-0: SINGLE (Groundball, 4MD)
Gerjan de Best to third
Theo Fightmaster to second
Runner from 3rd tries for Home, SAFE, no throw
Monday, March 20th, 2017 - OOTP Baseball 17.12 Build 75